 Dungeon Crawl Stone Soup version 0.30-a0-528-g8c47a4955b (webtiles) character file.

Game seed: 18011435135996491666

21649 vineage the Warrior (level 12, -5/90 HPs)
             Began as a Gargoyle Fighter on Dec 23, 2022.
             Was a High Priest of Okawaru.
             Slain by a meliai
             ... wielding a +0 war axe
              (13 damage)
             ... on level 11 of the Dungeon.
             The game lasted 00:12:53 (11419 turns).

vineage the Warrior (Gargoyle Fighter)             Turns: 11419, Time: 00:12:54

Health: -5/90      AC: 37    Str: 22    XL:     12   Next: 92%
Magic:  16/17      EV: 12    Int: 14    God:    Okawaru [*****.]
Gold:   718        SH: 11    Dex:  9    Spells: 11/11 levels left

rFire   x . .      SeeInvis .    d - +1 flail (protect)
rCold   + + .      Faith    .    t - +0 kite shield
rNeg    + . .      Spirit   .    f - +1 ice dragon scales
rPois   ∞          Reflect  .    y - +0 hat
rElec   +          Harm     .    m - +2 cloak {rCorr}
rCorr   +          Rampage  .    e - +0 pair of gloves
Will    .....                    r - +0 pair of boots
Stlth   +                        j - amulet "Zothek" {Regen+ Int+4}
HPRegen 1.15/turn                (no ring)
MPRegen 0.15/turn                (no ring)

@: heroic, under a protective aura, studying Maces & Flails
A: sickness immunity, AC +8, negative energy resistance 1, electricity
resistance, torment resistance 1, petrification resistance, weak 1, noise
suppression
a: Renounce Religion, Heroism, Finesse, Duel


You were on level 11 of the Dungeon.
You worshipped Okawaru.
Okawaru was extremely pleased with you.
You visited 2 branches of the dungeon, and saw 12 of its levels.

You collected 718 gold pieces.

Inventory:

Hand Weapons
 a - a +0 flail of venom
 d - a +1 flail of protection (weapon)
Armour
 e - a +0 pair of gloves (worn)
 f - +1 ice dragon scales (worn)
 m - a +2 cloak of preservation (worn)
 r - a +0 pair of boots (worn)
 t - a +0 kite shield (worn)
 y - a +0 hat (worn)
Jewellery
 j - the amulet "Zothek" (around neck) {Regen+ Int+4}
   (You acquired it on level 3 of the Dungeon)

   [amulet of regeneration]

   Int:       It affects your intelligence (+4).
   Regen:     It increases your rate of health regeneration.
 z - a ring of magical power
Wands
 i - a wand of flame (18)
 v - a wand of mindburst (7)
 w - a wand of acid (2)
 x - a wand of polymorph (5)
Scrolls
 c - 2 scrolls of fear
 l - a scroll of teleportation
 A - 2 scrolls of magic mapping
 B - 2 scrolls of identify
 C - a scroll of blinking
 D - 2 scrolls of amnesia {unknown}
Potions
 b - 2 potions of berserk rage
 g - 3 potions of degeneration
 h - 2 potions of resistance
 k - 4 potions of invisibility
 o - 8 potions of curing
 p - a potion of cancellation {unknown}
 q - 2 potions of might
 s - 2 potions of flight {unknown}
 u - a potion of brilliance {unknown}


   Skills:
 + Level 16.7(21.7) Fighting
 + Level 9.4(14.4) Maces & Flails
 + Level 7.9(12.9) Armour
 + Level 5.5(10.5) Dodging
 + Level 8.0(13.0) Shields
 + Level 7.0 Invocations


You had 11 spell levels left.
You didn't know any spells.
Your spell library contained the following spells:

 Spells                   Type           Power      Damage    Failure   Level
 Foxfire                  Conj/Fire      0%         2x1d4     80%         1
 Kiss of Death            Conj/Necr      0%         2d5       80%         1
 Magic Dart               Conj           0%         1d3       80%         1
 Blink                    Tloc           0%         N/A       90%         2
 Momentum Strike          Conj/Tloc      0%         3d8       90%         2
 Confusing Touch          Hex            0%         N/A       99%         3
 Lesser Beckoning         Tloc           0%         N/A       99%         3
 Mephitic Cloud           Conj/Pois/Air  0%         N/A       99%         3
 Dispel Undead            Necr           0%         3d6       100%        4
 Borgnjor's Vile Clutch   Necr/Erth      0%         N/A       100%        5
 Fireball                 Conj/Fire      0%         3d3       100%        5
 Starburst                Conj/Fire      0%         6d3       100%        6
 Lehudib's Crystal Spear  Conj/Erth      0%         10d2      100%        8
 Call Imp                 Summ           Unusable   N/A       N/A         2
 Summon Guardian Golem    Hex/Summ       Unusable   N/A       N/A         3

Dungeon Overview and Level Annotations

Branches:
Dungeon (11/15)            Temple (1/1) D:5            Lair (0/5) D:9
    Orc: D:9-12

Altars:
Ashenzari
Cheibriados
Dithmenos
Elyvilon
Fedhas
Gozag
Hepliaklqana
Kikubaaqudgha
Makhleb
Nemelex Xobeh
Okawaru
Qazlal
Ru
Sif Muna
Trog
Uskayaw
Vehumet
Wu Jian
Xom
Yredelemnul
Zin
The Shining One


Innate Abilities, Weirdness & Mutations

You are immune to sickness and miasma.
Your stone body is resilient. (AC +8)
You are immune to poison.
You resist negative energy. (rN+)
You are resistant to electric shocks. (rElec)
You are resistant to unholy torment.
You are immune to petrification.
You are weak. (Str -2)
You passively dampen the noise of your surroundings.


Message History

You block the meliai's attack. The meliai barely misses you.
You barely miss the meliai.
The meliai is almost dead.
You block the meliai's attack.
The meliai stings you but does no damage.
The meliai closely misses you. The meliai barely misses you.
The meliai calls upon its god to heal the meliai.
The meliai is healed somewhat.
The meliai hits you but does no damage. You block the meliai's attack.
You sock the meliai!
You kill the meliai!
Okawaru accepts your kill. The meliai hits you but does no damage.
The meliai stings you but does no damage.
You block the meliai's attack.
The meliai stings you but does no damage.
You hit the meliai.
The meliai is lightly wounded.
The meliai hits you but does no damage. The meliai closely misses you.
A wraith comes into view.
You hit the meliai.
The meliai is moderately wounded.
You block the meliai's attack. The meliai closely misses you. x2
You block the meliai's attack.
You hit the meliai.
The meliai is moderately wounded.
The meliai misses you.
The meliai stings you but does no damage.
You barely miss the meliai.
The meliai is moderately wounded.
The meliai barely misses you. x2; The meliai hits you with a +0 war axe.
* * * LOW HITPOINT WARNING * * *
The meliai stings you but does no damage.
You closely miss the meliai.
The meliai is moderately wounded.
The meliai hits you with a +0 war axe!
* * * LOW HITPOINT WARNING * * *
The meliai stings you but does no damage.
The meliai hits you with a +0 war axe!
You die...

#...................
#...................
#...................
#...................
#...................
#...................
#...................
#..................
#.)........@)......
#...........y......
#..................
#..................
#......W...........
#...............###
#...............#
#...............#


You could see a wraith and a meliai.

Vanquished Creatures
  Gastronok (D:9)
  A fire dragon (D:10)
  A hydra (D:9)
  An ogre mage (D:10)
  A centaur warrior (D:11)
  A boulder beetle (D:10)
  4 two-headed ogres
  2 tengu warriors (D:11)
  An orc high priest (D:10)
  3 deep elf pyromancers (D:10)
  A harpy (shapeshifter) (D:10)
  An ugly thing (D:10)
  A cyclops (D:11)
  2 wolf spiders (D:10)
  2 manticores
  A gargoyle (D:10)
  An unseen horror (D:10)
  2 kobold demonologists (D:10)
  A freezing wraith (D:10)
  2 meliai (D:11)
  4 trolls
  A slime creature (D:10)
  A hornet (D:7)
  The ghost of kae the Changer, an amateur DsTm (D:3)
  2 dream sheep (D:9)
  Sigmund (D:5)
  A shadow (D:10)
  A wraith (D:8)
  7 yaks
  A vampire mosquito (D:10)
  3 acid dragons
  2 water moccasins
  5 orc warriors
  2 ice beasts
  2 black bears (D:6)
  An ogre (D:7)
  3 wolves (D:9)
  5 centaurs
  A phantom (D:5)
  4 kobold brigands
  3 bullfrogs
  2 scorpions (D:5)
  Blork the orc (D:5)
  A gnoll sergeant (D:8)
  A necrophage (D:5)
  A wight (D:10)
  5 killer bees
  A vampire bat (D:6)
  An electric eel (D:9)
  3 howler monkeys
  9 hounds
  6 orc priests
  3 jellies
  Crazy Yiuf (D:5)
  3 iguanas
  8 orc wizards
  Robin (D:4)
  9 gnolls
  6 adders
  A shadow imp (D:6)
  A white imp (D:5)
  An ufetubus (D:4)
  A worm (D:3)
  2 dart slugs
  18 orcs
  4 ball pythons
  2 bat skeletons (D:6)
  4 bat zombies (D:6)
  5 endoplasms
  A giant cockroach (D:2)
  6 hobgoblins
  6 jackals (D:2)
  7 kobolds
  A quokka (D:1)
  3 bats
  5 frilled lizards
  17 goblins
  2 rats
230 creatures vanquished.

Vanquished Creatures (others)
  A centaur simulacrum (D:10)
1 creature vanquished.

Grand Total: 231 creatures vanquished

Notes
Turn   | Place    | Note
-------+----------+-------------------------------------------
     0 | D:1      | vineage the Gargoyle Fighter began the quest for the Orb.
     0 | D:1      | Reached XP level 1. HP: 14/14 MP: 1/1
   201 | D:1      | Reached XP level 2. HP: 20/20 MP: 2/2
   223 | D:1      | Reached skill level 4 in Fighting
   474 | D:1      | Found a faded altar of an unknown god.
   701 | D:2      | You fall into a shaft and drop 2 floors!
   713 | D:4      | Reached skill level 5 in Fighting
   713 | D:4      | Reached XP level 3. HP: 26/26 MP: 3/3
   790 | D:3      | Found a sparkling altar of Nemelex Xobeh.
   790 | D:3      | Noticed a centaur
   805 | D:3      | Killed a centaur
   806 | D:3      | Reached skill level 6 in Fighting
   806 | D:3      | Reached XP level 4. HP: 26/32 MP: 4/4
   806 | D:3      | Reached XP level 5. HP: 29/36 MP: 5/5
  1790 | D:3      | Reached skill level 7 in Fighting
  1790 | D:3      | Reached XP level 6. HP: 13/44 MP: 6/6
  2043 | D:3      | Found a runed translucent door.
  2045 | D:3      | Identified the +4 shortbow "Lyafes" {vorpal, rPois rF+
                  | Will+}
  2565 | D:3      | Noticed kae's ghost (amateur DsTm)
  2567 | D:3      | Identified 3 scrolls of acquirement
  2567 | D:3      | Acquired a manual of Maces & Flails
  2571 | D:3      | Acquired a +2 cloak of preservation
  2580 | D:3      | Acquired the amulet "Zothek" {Regen+ Int+4}
  2600 | D:3      | Killed kae's ghost
  2601 | D:3      | Reached skill level 8 in Fighting
  2601 | D:3      | Reached XP level 7. HP: 50/50 MP: 7/7
  2704 | D:4      | Reached skill level 9 in Fighting
  2940 | D:4      | Noticed Robin
  2962 | D:4      | Killed Robin
  3109 | D:4      | Identified the +2 leather armour of Kiodwo {rPois rC- MP+9
                  | SInv}
  3364 | D:4      | Gained mutation: You possess an exceptional clarity of
                  | mind. [potion of mutation]
  3364 | D:4      | Gained mutation: You have hidden genetic potential. [potion
                  | of mutation]
  3365 | D:4      | Lost mutation: You have hidden genetic potential. [potion
                  | of mutation]
  3365 | D:4      | Lost mutation: You possess an exceptional clarity of mind.
                  | [potion of mutation]
  3365 | D:4      | Gained mutation: You are vulnerable to heat. (rF-) [potion
                  | of mutation]
  3365 | D:4      | Gained mutation: You are weak. (Str -2) [potion of
                  | mutation]
  3365 | D:4      | Lost mutation: You are vulnerable to heat. (rF-) [potion of
                  | mutation]
  3365 | D:4      | Gained mutation: You passively dampen the noise of your
                  | surroundings. [potion of mutation]
  3385 | D:5      | Entered Level 5 of the Dungeon
  3472 | D:5      | Noticed Sigmund
  3483 | D:5      | Killed Sigmund
  3484 | D:5      | Reached skill level 10 in Fighting
  3484 | D:5      | Reached XP level 8. HP: 58/58 MP: 8/8
  3645 | D:5      | Noticed Blork the orc
  3652 | D:5      | Killed Blork the orc
  3684 | D:5      | Found a runed translucent door.
  3685 | D:5      | Noticed Crazy Yiuf
  3749 | D:5      | Found an ornate altar of the Wu Jian Council.
  3781 | D:5      | Reached skill level 11 in Fighting
  3853 | D:5      | Found a staircase to the Ecumenical Temple.
  4034 | Temple   | Entered the Ecumenical Temple
  4059 | Temple   | Became a worshipper of Warmaster Okawaru
  4398 | D:5      | Killed Crazy Yiuf
  4542 | D:6      | Found an ancient bone altar of Kikubaaqudgha.
  4595 | D:6      | Reached skill level 12 in Fighting
  4770 | D:6      | Reached XP level 9. HP: 53/66 MP: 9/9
  4840 | D:6      | Reached * piety under Okawaru
  5311 | D:7      | Reached skill level 13 in Fighting
  5588 | D:7      | Noticed a hornet
  5598 | D:7      | Killed a hornet
  5637 | D:7      | Reached ** piety under Okawaru
  5737 | D:7      | Reached skill level 14 in Fighting
  6311 | D:8      | Found a basalt altar of Yredelemnul.
  6448 | D:8      | Found a hazy altar of Hepliaklqana.
  7168 | D:9      | Noticed a troll
  7188 | D:8      | Killed a troll
  7189 | D:8      | Reached skill level 15 in Fighting
  7211 | D:8      | Reached XP level 10. HP: 72/76 MP: 10/10
  7260 | D:9      | Found a staircase to the Lair.
  7287 | D:9      | Reached skill level 1 in Invocations
  7303 | D:9      | Reached *** piety under Okawaru
  7332 | D:9      | Noticed a two-headed ogre
  7349 | D:9      | Killed a two-headed ogre
  7350 | D:9      | Reached skill level 1 in Dodging
  7618 | D:9      | Noticed Gastronok
  7644 | D:9      | Killed Gastronok
  7644 | D:9      | Reached **** piety under Okawaru
  7645 | D:9      | Reached skill level 5 in Maces & Flails
  7748 | D:9      | Reached skill level 5 in Shields
  7935 | D:9      | Found a sacrificial altar of Ru.
  8064 | D:9      | Reached XP level 11. HP: 83/83 MP: 13/13
  8078 | D:9      | Reached skill level 5 in Armour
  8087 | D:9      | Noticed a two-headed hydra
  8106 | D:9      | Killed a two-headed hydra
  8106 | D:9      | Reached ***** piety under Okawaru
  8166 | D:10     | Entered Level 10 of the Dungeon
  8219 | D:10     | Found a white marble altar of Elyvilon.
  8291 | D:10     | Noticed a two-headed ogre
  8303 | D:10     | Killed a two-headed ogre
  8357 | D:10     | Noticed a two-headed ogre
  8372 | D:10     | Killed a two-headed ogre
  8373 | D:10     | Reached skill level 16 in Fighting
  8418 | D:10     | Noticed a two-headed ogre
  8418 | D:10     | Noticed a deep elf pyromancer
  8446 | D:10     | Killed a two-headed ogre
  8446 | D:10     | Received a gift from Okawaru
  8448 | D:10     | Noticed a soul eater
  8463 | D:10     | Killed a deep elf pyromancer
  8559 | D:10     | Reached skill level 5 in Invocations
  8580 | D:10     | Noticed a rakshasa
  8580 | D:10     | Noticed a purple ugly thing
  8605 | D:10     | Killed a purple ugly thing
  9095 | D:10     | Noticed an ogre mage
  9096 | D:10     | Identified the ring "Bymmul" {Will+ Str+2 Dex+4}
  9532 | D:10     | Noticed a deep elf pyromancer
  9532 | D:10     | Noticed a manticore
  9532 | D:10     | Noticed an orc high priest
  9533 | D:10     | Noticed a sun demon
  9545 | D:10     | Noticed a sixfirhy
  9546 | D:10     | Killed a manticore
  9547 | D:10     | Reached XP level 12. HP: 49/88 MP: 14/16
  9564 | D:10     | Noticed a soul eater
  9592 | D:10     | Killed an orc high priest
  9712 | D:10     | Killed an ogre mage
  9734 | D:10     | Noticed a centaur warrior
  9734 | D:10     | Identified the +8 plate armour "Xeytreot" {rPois rCorr
                  | Str+5 Int-2}
  9935 | D:10     | Noticed a fire dragon
  9935 | D:10     | Noticed a boulder beetle
 10181 | D:10     | Got the Catalogue of the Called Rocks
 10216 | D:10     | Killed a fire dragon
 10217 | D:10     | Reached skill level 5 in Dodging
 10523 | D:10     | Killed a boulder beetle
 11249 | D:11     | Noticed a tengu warrior
 11249 | D:11     | Noticed a tengu warrior
 11265 | D:11     | Killed a tengu warrior
 11315 | D:11     | Killed a tengu warrior
 11371 | D:11     | Noticed a centaur warrior
 11388 | D:11     | Killed a centaur warrior
 11419 | D:11     | Slain by a meliai

Illustrated notes

Levels and vault maps discovered:
D:1:      kennysheep_arrival_forest, layout_loops_ring,
          shapermc_ecumenical_altar_petra, corexii_corridor_pit
D:2:      layout_loops_corners
D:3:      layout_loops_ring, lemuel_crystal_altar, ebering_ghost_reflecting_pool
D:4:      layout_loops_ring, minmay_a_box_with_orc_wizards_in_it, uniq_robin
D:5:      layout_loops_ring, pdpol_wu_jian_five_deadly_venoms,
          minmay_temple_entry_water_ring, dk_vineyard_2,
          uniq_crazy_yiuf_cottage, uniq_sigmund, uniq_blork_the_orc
D:6:      layout_loops_ring, kennysheep_vampire_church
D:7:      layout_basic
D:8:      layout_layer_cave, yredelemnul_altar_generic,
          overflow_temple_1_default
D:9:      layout_irregular_city, nicolae_ru_the_path_less_chosen,
          erik_lair_island, hangedman_ranch, uniq_gastronok
D:10:     layout_basic, mainiacjoe_overflow_concentric_impassable,
          corexii_leaking_fountain, nicolae_rejected_hall
D:11:     layout_grid_maze, david_orc_2, uniq_amaemon
Temple:   hellmonk_temple_two_chambers

Skill      XL: |  1  2  3  4  5  6  7  8  9 10 11 12 |
---------------+-------------------------------------+-----
Fighting       | 5 6 7 8 10 12 15 16 | 16.7
Invocations    | 3 5 7 |  7.0
Maces & Flails | 5 7 9 |  9.4
Dodging        | 2 4 5 |  5.5
Shields        | 5 6 8 |  8.0
Armour         | 4 6 7 |  7.9

Action                   |  1- 3 |  4- 6 |  7- 9 | 10-12 || total
-------------------------+-------+-------+-------+-------++-------
Melee: Flail             |    64 |   146 |   519 |   921 ||  1650
Invok: Heroism           |       |       |       |    17 ||    17
       Finesse           |       |       |       |     1 ||     1
  Use: Scroll            |     1 |     3 |    13 |     7 ||    24
       Potion            |       |     1 |     2 |     4 ||     7
 Stab: Invisible         |       |       |       |     6 ||     6
Armor: Scale mail        |    41 |    99 |   317 |       ||   457
       Ice dragon scales |       |       |   192 |   830 ||  1022
       Plate armour      |       |       |    15 |       ||    15
Dodge: Dodged            |    21 |    87 |   274 |   391 ||   773
Block: Buckler           |     9 |    31 |   100 |       ||   140
       Kite shield       |       |       |    47 |   528 ||   575

Table legend: (Time is in decaauts)
 A = Elapsed time spent in this place.
 B = Non-inter-level travel time spent in this place.
 C = Inter-level travel time spent in this place.
 D = Time resting spent in this place.
 E = Time spent auto-exploring this place.
 F = Levels seen in this place.
 G = Mean time per level.
                   A        B        C        D        E       F      G
               +--------+--------+--------+--------+--------+-----+--------+
         Total |  11824 |  11203 |    621 |    878 |   7373 |  12 |  985.3 |
       Dungeon |  11789 |  11189 |    600 |    878 |   7363 |  11 | 1071.7 |
        Temple |     34 |     13 |     21 |      0 |     10 |   1 |   34.0 |
               +--------+--------+--------+--------+--------+-----+--------+

Top non-repeatable levels by time:
    D:10: 2758 daAuts
     D:8: 1140 daAuts
     D:3: 1136 daAuts
     D:5: 1097 daAuts
     D:9: 1037 daAuts
     D:4: 861 daAuts
     D:7: 859 daAuts
     D:6: 846 daAuts
     D:2: 832 daAuts
     D:1: 677 daAuts
    D:11: 542 daAuts
  Temple: 34 daAuts
